 Seeded DCSS version 0.28-a0-861-ge64d6db94f (webtiles) character file.

Game seed: 20211113 (custom seed)

81 a11behringer the Covered (level 4, 0/29 HPs)
             Began as a Gargoyle Fighter on Nov 16, 2021.
             Slain by an orc priest (3 damage)
             ... on level 3 of the Dungeon.
             The game lasted 00:06:59 (2448 turns).

a11behringer the Covered (Gargoyle Fighter)         Turns: 2448, Time: 00:07:00

Health: 0/29       AC: 14    Str: 21    XL:     4   Next: 40%
Magic:  4/4        EV:  7    Int:  8    God:
Gold:   52         SH:  4    Dex:  9    Spells: 3/3 levels left

rFire   . . .      SeeInvis .   f - +0 flail (vorpal)
rCold   . . .      Faith    .   c - +0 buckler
rNeg    + . .      Spirit   .   l - +0 chain mail
rPois   ∞          Reflect  .   (no helmet)
rElec   +          Harm     .   (no cloak)
rCorr   .          Rampage  .   (no gloves)
Will    .....                   k - +0 pair of boots
Stlth   ..........              (no amulet)
HPRegen 0.09/turn               (no ring)
MPRegen 0.09/turn               (no ring)

@: no status effects
A: sickness immunity, AC +3, negative energy resistance 1, electricity
resistance, torment resistance 1, petrification resistance
a: no special abilities


You were on level 3 of the Dungeon.
You visited 1 branch of the dungeon, and saw 3 of its levels.

You collected 52 gold pieces.

Inventory:

Hand Weapons
 a - a +0 flail
 f - a +0 vorpal flail (weapon)
Missiles
 i - 21 arrows
 j - 3 boomerangs (quivered)
Armour
 b - a +0 scale mail
 c - a +0 buckler (worn)
 k - a +0 pair of boots (worn)
 l - a +0 chain mail (worn)
Scrolls
 e - a scroll of identify
 n - a scroll of immolation {unknown}
 o - a scroll of silence {unknown}
Potions
 d - a potion of might
 h - 2 potions of curing
 m - a potion of degeneration {unknown}


   Skills:
 + Level 3.8 Fighting
 * Level 3.0 Maces & Flails
 + Level 3.9 Armour
 + Level 0.7 Dodging
 + Level 3.7 Shields


You had 3 spell levels left.
You didn't know any spells.
Your spell library contained the following spells:

 Spells                   Type           Power      Damage    Failure   Level
 Blink                    Tloc           0%         N/A       99%         2
 Passwall                 Tmut/Erth      0%         N/A       99%         2
 Scorch                   Fire           0%         2d5       99%         2
 Swiftness                Air            0%         N/A       100%        3
 Flame Wave               Conj/Fire      0%         3d3       100%        4
 Manifold Assault         Tloc           0%         N/A       100%        5
 Summon Cactus Giant      Summ           0%         N/A       100%        6
 Storm Form               Tmut/Air       0%         N/A       100%        7


Dungeon Overview and Level Annotations

Branches:
Dungeon (3/15)

Altars:
Ru


Innate Abilities, Weirdness & Mutations

You are immune to sickness and miasma.
Your stone body is resilient. (AC +3)
You are immune to poison.
You resist negative energy. (rN+)
You are resistant to electric shocks. (rElec)
You are resistant to unholy torment.
You are immune to petrification.


Message History

You barely miss the orc. You block the orc's attack.
The orc hits you but does no damage.
You closely miss the orc. The orc hits you but does no damage.
You closely miss the orc. The orc barely misses you.
The orc priest calls down the wrath of Beogh upon you.
Beogh smites you!
You hit the orc.
You kill the orc!
A goblin comes into view. It is wielding a +0 club.
The orc wizard points at you and mumbles some strange words.
You are confused.
You bump into the rock wall.
You bump into the rock wall.
You hit the orc priest but do no damage.
The orc wizard barely misses you.
The orc wizard hits you but does no damage.
The orc priest invokes the aid of Beogh against you.
Pain shoots through your body!
The orc wizard hits you but does no damage.
The orc wizard hits you with a +2 dagger of speed.
You bump into the rock wall.
You feel less confused.
The orc wizard hits you but does no damage.
The orc priest barely misses you.
You closely miss the orc priest.
The orc wizard hits you but does no damage.
The orc priest calls down the wrath of Beogh upon you.
You barely resist.
The orc wizard points at you and mumbles some strange words.
The magic dart hits you.
* * * LOW HITPOINT WARNING * * *
You completely miss the orc priest. The orc priest closely misses you.
The orc wizard hits you but does no damage.
You hit the orc priest.
The orc priest is heavily wounded.
The orc wizard casts a spell.
The orc wizard flickers and vanishes!
The goblin hits you with a +0 club.
* * * LOW HITPOINT WARNING * * *
The orc priest hits you with a +0 flail.
You die...

#######[[.......#
................#
#...............#
#...............#
#...............#
#.......####'####
#.......# #.#..
#.......# #.#.#
##.......####.#@#####.#
...^..........go{......
##.......####.#.#####..
.........## #.#)#
#.........# #.#..
########..# #.#...
.........# #.#....
.########..###.#..[..
............##.#....#.


You could see an orc priest and a goblin.

Vanquished Creatures
  An orc wizard (D:3)
  An adder (D:3)
  2 dart slugs
  4 orcs (D:3)
  4 endoplasms
  A giant cockroach (D:2)
  5 goblins
  3 hobgoblins
  4 jackals (D:1)
  4 kobolds (D:1)
  A quokka (D:2)
  2 ball pythons
  A bat (D:2)
  A frilled lizard (D:2)
  A rat (D:2)
35 creatures vanquished.

Vanquished Creatures (others)
  2 plants (D:2)
2 creatures vanquished.

Grand Total: 37 creatures vanquished

Notes
Turn   | Place    | Note
-------+----------+-------------------------------------------
     0 | D:1      | a11behringer the Gargoyle Fighter began the quest for the
                  | Orb.
     0 | D:1      | Reached XP level 1. HP: 14/14 MP: 1/1
   386 | D:1      | Reached XP level 2. HP: 18/19 MP: 2/2
  1002 | D:2      | Reached XP level 3. HP: 20/23 MP: 3/3
  1233 | D:3      | Reached XP level 4. HP: 29/29 MP: 4/4
  2092 | D:3      | Found a sacrificial altar of Ru.
  2448 | D:3      | Slain by an orc priest

Illustrated notes

Levels and vault maps discovered:
D:1:      minmay_arrival_four_loops, layout_loops_ring
D:2:      layout_loops_ring, serial_forest, infiniplex_forest_clump_medium,
          infiniplex_forest_straight_1, infiniplex_forest_straight_2,
          infiniplex_forest_split
D:3:      layout_basic, mainiacjoe_overflow_boulevard, serial_shops,
          nicolae_shop_overgrown_old_shop, minmay_surrounded, uniq_jessica,
          uniq_terence

Skill      XL: |  1  2  3  4 |
---------------+-------------+-----
Maces & Flails | 3 |  3.0
Fighting       | |  3.8
Armour         | |  3.9
Dodging        | |  0.7
Shields        | |  3.7

Action                   |  1- 3 |  4- 6 || total
-------------------------+-------+-------++-------
Melee: Flail             |    92 |    47 ||   139
  Use: Scroll            |     2 |     2 ||     4
       Potion            |     1 |       ||     1
Armor: Scale mail        |    47 |       ||    47
       Chain mail        |       |    32 ||    32
Dodge: Dodged            |    40 |    17 ||    57
Block: Buckler           |    21 |     8 ||    29

Table legend: (Time is in decaauts)
 A = Elapsed time spent in this place.
 B = Non-inter-level travel time spent in this place.
 C = Inter-level travel time spent in this place.
 D = Time resting spent in this place.
 E = Time spent auto-exploring this place.
 F = Levels seen in this place.
 G = Mean time per level.
                   A        B        C        D        E       F      G
               +--------+--------+--------+--------+--------+-----+--------+
         Total |   2503 |   2270 |    233 |      0 |   1911 |   3 |  834.3 |
       Dungeon |   2503 |   2270 |    233 |      0 |   1911 |   3 |  834.3 |
               +--------+--------+--------+--------+--------+-----+--------+

Top non-repeatable levels by time:
     D:2: 1102 daAuts
     D:1: 1000 daAuts
     D:3: 400 daAuts
